 Dungeon Crawl Stone Soup version 0.19-a0-1216-g363869b (webtiles) character file.

3862 Gruud the Basher (level 9, -2/68 HPs)
             Began as a Demonspawn Assassin on Aug 23, 2016.
             Was a Believer of Qazlal.
             Slain by a centaur
             ... wielding a cursed +0 shortbow
              (3 damage)
             ... on level 9 of the Dungeon.
             The game lasted 00:24:22 (7179 turns).

Gruud the Basher (Demonspawn Assassin)              Turns: 7179, Time: 00:24:23

Health: -2/68      AC: 11    Str: 13    XL:     9   Next: 99%
Magic:  21/21      EV: 14    Int: 14    God:    Qazlal [**....]
Gold:   337        SH:  2    Dex: 15    Spells: 0 memorised, 8 levels left

rFire  + . .     SeeInvis .     a - +3 whip (elec)
rCold  . . .     Gourm    .     R - +2 leather armour {rF+}
rNeg   . . .     Faith    .     (no shield)
rPois  .         Spirit   .     (helmet restricted)
rElec  .         Dismiss  .     d - +0 cloak
rCorr  .         Reflect  .     P - +1 pair of gloves
MR     .....     Harm     .     (no boots)
Stlth  +++.......               N - amulet of rage
                                O - +1 ring of protection
                                A - ring of magical power

@: no status effects
A: claws 1, hooves 1, horns 1, molten scales 1, nightstalker 1, rot immunity
a: Upheaval, Renounce Religion, Evoke Berserk Rage


You were on level 9 of the Dungeon.
You worshipped Qazlal.
Qazlal was pleased with you.
You were not hungry.

You visited 2 branches of the dungeon, and saw 10 of its levels.

You collected 376 gold pieces.
You spent 39 gold pieces at shops.

Inventory:

Hand Weapons
 a - a +3 whip of electrocution (weapon)
 b - a +0 blowgun
 p - a +2 whip of freezing
Missiles
 e - 49 poisoned needles
 f - 2 curare-tipped needles
 v - 8 javelins (quivered)
 G - 5 needles of sleeping
Armour
 d - a +0 cloak (worn)
 h - a +0 ring mail
 u - a +0 scale mail
 P - a +1 pair of gloves (worn)
 R - a +2 leather armour of fire resistance (worn)
Magical Staves
 t - an uncursed staff of energy {unknown}
 V - an uncursed staff of death {unknown}
Jewellery
 y - an uncursed amulet of magic regeneration
 A - a ring of magical power (left hand)
 N - an amulet of rage (around neck)
 O - a +1 ring of protection (right hand)
Wands
 x - a wand of acid (8/15)
 J - a wand of flame (19/48)
 Q - a wand of flame (27/48)
 T - a wand of polymorph (9/24)
Scrolls
 j - 2 scrolls of blinking
 k - a scroll of enchant weapon
 l - a scroll of fear
 o - a scroll of enchant armour {unknown}
 r - a scroll of fog {unknown}
 z - a scroll of amnesia {unknown}
 C - 2 scrolls of teleportation
 E - a scroll of acquirement {unknown}
 K - 2 scrolls of remove curse
 S - a scroll of torment {unknown}
 U - a scroll of recharging {unknown}
Potions
 m - a potion of brilliance
 q - a potion of invisibility
 s - 8 potions of curing
 w - a potion of lignification
 B - a potion of cure mutation
 D - a potion of magic
 H - 2 potions of cancellation
 I - a potion of flight
 L - a potion of might
Comestibles
 c - a slice of pizza
 g - 3 bread rations
 i - 6 beef jerkies
 n - 4 meat rations
 F - 24 fruits
 M - 7 chunks of flesh


   Skills:
 - Level 5.1 Fighting
   Level 1.7 Short Blades
 * Level 9.2 Maces & Flails
 - Level 1.7 Throwing
 - Level 4.3 Armour
 - Level 5.1 Dodging
 - Level 3.6 Stealth
 + Level 4.7 Evocations


You had 8 spell levels left.
You didn't know any spells.

Dungeon Overview and Level Annotations

Branches:
Dungeon (9/15)             Temple (1/1) D:5
   Lair: D:8-11         Orc: D:9-12

Altars:
Ashenzari
Cheibriados
Dithmenos
Fedhas
Kikubaaqudgha
Makhleb
Nemelex Xobeh
Okawaru
Qazlal
Sif Muna
Trog
Uskayaw
Vehumet
The Shining One

Shops:
D:5 *=?([   D:7 (   D:8 }

Annotations:
D:2 1 runed door, exclusion: door


Innate Abilities, Weirdness & Mutations

You have large cloven feet.
You are partially covered in molten scales. (AC +2)
You are slightly more attuned to the shadows.
You are immune to rotting.
You have sharp fingernails.
You have a pair of small horns on your head.


Message History

You see here an arrow.
The centaur hits you with a shortbow!
* * * LOW HITPOINT WARNING * * *
You hear the crackle of electricity.
a - a +3 whip of electrocution (weapon)
The centaur misses you.
You are too injured to fight recklessly!
You completely miss the centaur. You whack the centaur!
You kick the centaur, but do no damage.
The centaur is moderately wounded.
The centaur hits you with a shortbow!
* * * LOW HITPOINT WARNING * * *
Some of the chunks of flesh in your inventory have rotted away.
You barely miss the centaur. You kick the centaur, but do no damage.
The centaur is moderately wounded.
The centaur hits you but does no damage.
You whack the centaur! Your kick misses the centaur.
The centaur is severely wounded.
The centaur hits you with a shortbow.
You die...

#............. ).............
...... ..........#### .. .....
..........# #.# #.... ..........#
#.# #.$.. ..........#
#.###########....
..........#######................
................c............)...
......>.......<.@..............).
.................(...........####
..................(.((.......####
.............................)..)
...................(.(..........#
......#######..########.#######.#
...#######....... ...#######.#
..............................
...........###########..######


You could see a centaur.

Vanquished Creatures
  Pikel (D:5)
  A two-headed ogre (D:9)
  Grinder (D:6)
  A water moccasin (D:7)
  An orc warrior (D:9)
  A black bear (D:7)
  2 ice beasts
  A sky beast (D:9)
  2 phantoms (D:6)
  2 centaurs
  4 ogres
  A big kobold (D:8)
  3 giant frogs
  A scorpion (D:5)
  4 wights (D:9)
  4 crimson imps
  An orc priest (D:3)
  4 giant frog skeletons
  A jelly (D:9)
  A giant frog zombie (D:9)
  4 hounds
  10 orc wizards
  Ijyb (D:3)
  9 worker ants
  A hound skeleton (D:7)
  12 adders
  3 gnolls (D:7)
  3 shadow imps
  An ooze (D:5)
  An adder skeleton (D:6)
  3 worms
  2 dart slugs (D:1)
  7 giant geckos
  30 orcs
  4 bats
  7 giant cockroaches
  5 goblins
  3 hobgoblins
  18 jackals
  8 kobolds
  5 quokkas
  A giant gecko zombie (D:6)
  5 giant newts
  A quokka zombie (D:7)
  5 rats
186 creatures vanquished.

Vanquished Creatures (others)
  A slave (D:5)
  A quasit (D:5)
  An iguana (D:5)
  An adder (D:5)
  A worm (D:5)
5 creatures vanquished.

Grand Total: 191 creatures vanquished

Notes
Turn   | Place    | Note
-------+----------+-------------------------------------------
     0 | D:1      | Gruud the Demonspawn Assassin began the quest for the Orb.
     0 | D:1      | Reached XP level 1. HP: 16/16 MP: 1/1
    64 | D:1      | Reached skill level 1 in Dodging
   120 | D:1      | Gained mutation: You are slightly more attuned to the shadows. [demonic ancestry]
   120 | D:1      | Reached XP level 2. HP: 22/23 MP: 2/2
  1046 | D:2      | Found a burning altar of Makhleb.
  1047 | D:2      | Noticed a green death
  1117 | D:2      | Found a sparkling altar of Nemelex Xobeh.
  1143 | D:2      | Gained mutation: You are immune to rotting. [demonic ancestry]
  1143 | D:2      | Reached XP level 3. HP: 10/29 MP: 3/3
  1662 | D:2      | Gained mutation: You have a pair of small horns on your head. [potion of beneficial mutation]
  1725 | D:2      | Found a runed door.
  1893 | D:3      | Gained mutation: You are partially covered in molten scales. (AC +2) [demonic ancestry]
  1893 | D:3      | Reached XP level 4. HP: 37/37 MP: 4/4
  2163 | D:3      | Noticed Ijyb
  2171 | D:3      | Killed Ijyb
  2171 | D:3      | Reached XP level 5. HP: 39/43 MP: 5/5
  2257 | D:3      | Reached skill level 5 in Fighting
  2406 | D:3      | Found a shadowy altar of Dithmenos.
  2912 | D:4      | Reached skill level 1 in Maces & Flails
  2961 | D:4      | Reached XP level 6. HP: 46/51 MP: 6/6
  3099 | D:4      | Reached skill level 2 in Maces & Flails
  3246 | D:5      | Entered Level 5 of the Dungeon
  3266 | D:5      | Gained mutation: You have sharp fingernails. [potion of beneficial mutation]
  3461 | D:5      | Reached skill level 1 in Armour
  3536 | D:5      | Noticed Pikel
  3536 | D:5      | Noticed a slave
  3536 | D:5      | Noticed a slave
  3536 | D:5      | Noticed a slave
  3538 | D:5      | Noticed a slave
  3552 | D:5      | Killed Pikel
  3552 | D:5      | Reached skill level 4 in Maces & Flails
  3552 | D:5      | Gained mutation: You have large cloven feet. [demonic ancestry]
  3552 | D:5      | Reached XP level 7. HP: 17/56 MP: 7/7
  3800 | D:5      | Found Fosmonn's Armour Emporium.
  4195 | D:5      | Found a staircase to the Ecumenical Temple.
  4205 | Temple   | Entered the Ecumenical Temple
  4275 | Temple   | Became a worshipper of Qazlal Stormbringer
  4289 | D:5      | Found Zippab's Weapon Emporium.
  4291 | D:5      | Found Dajeann's Magic Scroll Emporium.
  4292 | D:5      | Found Zomeept's General Store.
  4298 | D:5      | Found Rehuyr's Jewellery Emporium.
  4327 | D:5      | Bought a scroll of teleportation for 39 gold pieces
  4478 | D:6      | Reached XP level 8. HP: 60/62 MP: 8/8
  4605 | D:6      | Reached skill level 5 in Maces & Flails
  4772 | D:6      | Noticed Grinder
  4779 | D:6      | Killed Grinder
  5179 | D:6      | Reached skill level 6 in Maces & Flails
  5423 | D:7      | Reached skill level 5 in Dodging
  5454 | D:7      | Found Rulu's Weapon Emporium.
  5545 | D:7      | Reached * piety under Qazlal
  5829 | D:7      | Reached skill level 1 in Evocations
  5829 | D:7      | Reached XP level 9. HP: 65/68 MP: 9/9
  5846 | D:7      | Reached skill level 7 in Maces & Flails
  6435 | D:8      | Found Qot Goqo's Gadget Shop.
  6531 | D:8      | Reached skill level 8 in Maces & Flails
  6782 | D:9      | Reached ** piety under Qazlal
  7050 | D:9      | Reached skill level 9 in Maces & Flails
  7161 | D:9      | Noticed a troll
  7177 | D:9      | HP: 1/68 [centaur/shortbow (8)]
  7179 | D:9      | Slain by a centaur

Vault maps used:
D:1:      dpeg_arrival_central, item_on_display_a
D:2:      lemuel_doored_altar, makhleb_altar_promises_db,
          uniq_crazy_yiuf_cottage
D:3:      nicolae_dithmenos_shadow_blocks, uniq_iyjb
D:5:      serial_shops, nicolae_shop_trees, first_bread,
          minmay_misc_feat_square, minmay_shop_grid_forest,
          roderic_roman_lattice, uniq_pikel
D:6:      uniq_grinder
D:7:      serial_shops, shop
D:8:      serial_shops, shop, blue_anna_alchemist
D:9:      minmay_strange_pillars, lemuel_hellish_altar, uniq_prince_ribbit1
Temple:   regret_index_temple_chain_breaker

Skill      XL: |  1  2  3  4  5  6  7  8  9 |
---------------+----------------------------+-----
Dodging        | 1 2 3 4 5 |  5.1
Fighting       | 3 4 5 |  5.1
Maces & Flails | 1 4 6 9 |  9.2
Armour         | 2 4 |  4.3
Evocations     | 1 4 |  4.7
Short Blades   | |  1.7
Throwing       | |  1.7
Stealth        | |  3.6

Action                   |  1- 3 |  4- 6 |  7- 9 || total
-------------------------+-------+-------+-------++-------
Melee: Dagger            |   154 |    41 |       ||   195
       Headbutt          |     5 |    29 |    73 ||   107
       Whip              |       |   134 |   439 ||   573
       Kick              |       |       |   128 ||   128
 Fire: Blowgun           |       |     8 |     2 ||    10
Invok: Upheaval          |       |       |     2 ||     2
 Abil: Evoke Berserk Rag |       |       |     1 ||     1
Evoke: Wand              |       |       |     1 ||     1
  Use: Scroll            |     2 |     1 |    12 ||    15
       Potion            |     1 |     1 |       ||     2
 Stab: Sleeping          |    12 |     4 |     5 ||    21
  Eat: Chunk             |     3 |     6 |    12 ||    21
Armor: Ring mail         |    57 |     5 |       ||    62
       Scale mail        |       |    72 |    95 ||   167
       Leather armour    |       |       |    37 ||    37
Dodge: Dodged            |    70 |    86 |   195 ||   351
Block: Other             |       |       |    14 ||    14
